TOP OF THE 1ST |
Oklahoma State University Cowboys batting - Pitching for University of Illinois Fighting Illini : RHP Dante Taylor
|
Pitching: RHP Dante Taylor
|
|
Batting: RHB Simon Gravitt
|
0-0: Swinging Strike 0-1: Called Strike 0-2: Fly out, F8 (Flyball, 8LM, EV 81.9 MPH)
|
Batting: LHB Dwayne Roche
|
0-0: Called Strike 0-1: Fly out, F8 (Flyball, 8LM, EV 81.9 MPH)
|
Batting: LHB Kyle David
|
0-0: Ground out 4-3 (Groundball, 4, EV 87.5 MPH)
|
Top of the 1st over - 0 runs, 0 hits, 0 errors, 0 left on base; Oklahoma State University 0 - University of Illinois 0 |
BOTTOM OF THE 1ST |
University of Illinois Fighting Illini batting - Pitching for Oklahoma State University Cowboys : LHP Jordan Cane
|
Pitching: LHP Jordan Cane
|
|
Batting: LHB Alex Ramos
|
0-0: Ball 1-0: Called Strike 1-1: Ball 2-1: Swinging Strike 2-2: Foul Ball, location: 2F 2-2: Ground out 4-3 (Groundball, 4MD, EV 78.8 MPH)
|
Batting: SHB Dan Strickland
|
0-0: Ball 1-0: Ball 2-0: Called Strike 2-1: Called Strike 2-2: Ball 3-2: Foul Ball, location: 2F 3-2: Ground out 6-3 (Groundball, 6, EV 91.9 MPH)
|
Batting: LHB Alex Rivera
|
0-0: Foul Ball, location: 2F 0-1: Ground out 1-3 (Groundball, 23, EV 71.9 MPH)
|
Bottom of the 1st over - 0 runs, 0 hits, 0 errors, 0 left on base; Oklahoma State University 0 - University of Illinois 0 |
TOP OF THE 2ND |
Oklahoma State University Cowboys batting - Pitching for University of Illinois Fighting Illini : RHP Dante Taylor
|
Batting: LHB Jeff Williams
|
0-0: Ball 1-0: Ball 2-0: SINGLE (Groundball, 6S, EV 64.4 MPH) (infield hit)
|
Batting: RHB Magnus Laursen
|
0-0: Called Strike 0-1: Called Strike 0-2: Foul Ball, location: 2F 0-2: Ball 1-2: Hit by Pitch Jeff Williams to second
|
Batting: LHB Cory Rohr
|
0-0: Ball 1-0: SINGLE (Groundball, 6D, EV 100.0 MPH) Jeff Williams to third Magnus Laursen to second
|
Batting: RHB Rory Cardosi
|
0-0: Ground out 6-3 (Groundball, 6S, EV 69.4 MPH) Jeff Williams scores Magnus Laursen to third Cory Rohr to second
|
Batting: RHB Estevan Alvarez
|
0-0: Ball 1-0: Foul Ball, location: 2F 1-1: Ball 2-1: Called Strike 2-2: Ball 3-2: Strikes out swinging
|
Batting: RHB Frederik Koster
|
0-0: Ball 1-0: Foul Ball, location: 2F 1-1: Swinging Strike 1-2: SINGLE (Groundball, 4MS, EV 100.0 MPH) Magnus Laursen scores Cory Rohr to third Runner from 3rd tries for Home, SAFE, throw by CF to home
|
Batting: RHB Simon Gravitt
|
0-0: Ball 1-0: Ball 2-0: Ball 3-0: Base on Balls Frederik Koster to second
|
Batting: LHB Dwayne Roche
|
0-0: Foul Ball, location: 2F 0-1: Called Strike 0-2: Foul Ball, location: 2F 0-2: Strikes out swinging
|
Top of the 2nd over - 3 runs, 3 hits, 0 errors, 2 left on base; Oklahoma State University 3 - University of Illinois 0 |
BOTTOM OF THE 2ND |
University of Illinois Fighting Illini batting - Pitching for Oklahoma State University Cowboys : LHP Jordan Cane
|
Batting: RHB Qian Tai
|
0-0: Ball 1-0: Ball 2-0: Fly out, F9 (Flyball, 9, EV 82.5 MPH)
|
Batting: LHB Antonio Sandoval
|
0-0: Ball 1-0: Ground out U3 (Groundball, 34, EV 105.6 MPH)
|
Batting: RHB Arnold Schuler
|
0-0: Foul Ball, location: 2F 0-1: Ball 1-1: Foul Ball, location: 2F 1-2: Strikes out swinging
|
Bottom of the 2nd over - 0 runs, 0 hits, 0 errors, 0 left on base; Oklahoma State University 3 - University of Illinois 0 |
TOP OF THE 3RD |
Oklahoma State University Cowboys batting - Pitching for University of Illinois Fighting Illini : RHP Dante Taylor
|
Batting: LHB Kyle David
|
0-0: Foul Ball, location: 2F 0-1: Ball 1-1: Called Strike 1-2: Ball 2-2: Ball 3-2: Strikes out swinging
|
Batting: LHB Jeff Williams
|
0-0: Swinging Strike 0-1: Swinging Strike 0-2: Foul Ball, location: 2F 0-2: Ball 1-2: Ball 2-2: Foul Ball, location: 2F 2-2: Strikes out swinging, 2-3 out at first.
|
Batting: RHB Magnus Laursen
|
0-0: Called Strike 0-1: Ball 1-1: Foul Ball, location: 2F 1-2: Strikes out swinging
|
Top of the 3rd over - 0 runs, 0 hits, 0 errors, 0 left on base; Oklahoma State University 3 - University of Illinois 0 |
BOTTOM OF THE 3RD |
University of Illinois Fighting Illini batting - Pitching for Oklahoma State University Cowboys : LHP Jordan Cane
|
Batting: RHB Edwardo Tanchez
|
0-0: Foul Ball, location: 2F 0-1: Fly out, F9 (Flyball, 89M, EV 83.8 MPH)
|
Batting: RHB Bobby Raya
|
0-0: Foul Ball, location: 2F 0-1: DOUBLE (Flyball, 8RD, EV 94.4 MPH)
|
Batting: LHB Salvador Ramos
|
0-0: Called Strike 0-1: Ball 1-1: Ball 2-1: Ground out 4-3 (Groundball, 4D, EV 104.4 MPH) Bobby Raya to third
|
Batting: LHB Alex Ramos
|
0-0: Fly out, F7 (Flyball, 7, EV 95.0 MPH)
|
Bottom of the 3rd over - 0 runs, 1 hit, 0 errors, 1 left on base; Oklahoma State University 3 - University of Illinois 0 |
TOP OF THE 4TH |
Oklahoma State University Cowboys batting - Pitching for University of Illinois Fighting Illini : RHP Dante Taylor
|
Batting: LHB Cory Rohr
|
0-0: Ball 1-0: Ball 2-0: Ball 3-0: Called Strike 3-1: Base on Balls
|
Batting: RHB Rory Cardosi
|
0-0: Ball 1-0: SINGLE (Groundball, 34, EV 92.5 MPH) (infield hit) Cory Rohr to second
|
Batting: RHB Estevan Alvarez
|
0-0: Ball 1-0: Foul Ball, location: 2F 1-1: Foul Ball, location: 2F 1-2: Fly out, F8 (Flyball, 8LM, EV 81.9 MPH)
|
Batting: RHB Frederik Koster
|
0-0: Ball 1-0: Called Strike 1-1: Fielders Choice at 2nd, 3-6 (Groundball, 34S, EV 84.4 MPH) Cory Rohr to third
|
Batting: RHB Simon Gravitt
|
0-0: Ball Frederik Koster is caught stealing 2nd base 2-4
|
Top of the 4th over - 0 runs, 1 hit, 0 errors, 1 left on base; Oklahoma State University 3 - University of Illinois 0 |
BOTTOM OF THE 4TH |
University of Illinois Fighting Illini batting - Pitching for Oklahoma State University Cowboys : LHP Jordan Cane
|
Batting: SHB Dan Strickland
|
0-0: Ground out 6-3 (Groundball, 6, EV 82.5 MPH)
|
Batting: LHB Alex Rivera
|
0-0: Ball 1-0: Ball 2-0: Fly out, F8 (Flyball, 8RD, EV 84.4 MPH)
|
Batting: RHB Qian Tai
|
0-0: Called Strike 0-1: Called Strike 0-2: Strikes out swinging
|
Bottom of the 4th over - 0 runs, 0 hits, 0 errors, 0 left on base; Oklahoma State University 3 - University of Illinois 0 |
TOP OF THE 5TH |
Oklahoma State University Cowboys batting - Pitching for University of Illinois Fighting Illini : RHP Dante Taylor
|
Batting: RHB Simon Gravitt
|
0-0: Swinging Strike 0-1: Ball 1-1: Ball 2-1: Ball 3-1: Base on Balls
|
Batting: LHB Dwayne Roche
|
0-0: Foul Ball, location: 2F 0-1: Ball Simon Gravitt is caught stealing 2nd base 2-6 1-1: Ball 2-1: Ball 3-1: Foul Ball, location: 2F 3-2: Foul Ball, location: 2F 3-2: Fly out, F8 (Flyball, 8RD, EV 83.8 MPH)
|
Batting: LHB Kyle David
|
0-0: Foul Ball, location: 2F 0-1: Ball 1-1: Ball 2-1: Called Strike 2-2: Foul Ball, location: 2F 2-2: Fly out, F8 (Flyball, 8RD, EV 103.8 MPH)
|
Top of the 5th over - 0 runs, 0 hits, 0 errors, 0 left on base; Oklahoma State University 3 - University of Illinois 0 |
BOTTOM OF THE 5TH |
University of Illinois Fighting Illini batting - Pitching for Oklahoma State University Cowboys : LHP Jordan Cane
|
Batting: LHB Antonio Sandoval
|
0-0: Ground out U3 (Groundball, 3, EV 86.2 MPH)
|
Batting: RHB Arnold Schuler
|
0-0: Swinging Strike 0-1: Ball 1-1: Ball 2-1: Swinging Strike 2-2: Strikes out swinging
|
Batting: RHB Edwardo Tanchez
|
0-0: Ball 1-0: Swinging Strike 1-1: Fly out, F8 (Flyball, 8RD, EV 78.1 MPH)
|
Bottom of the 5th over - 0 runs, 0 hits, 0 errors, 0 left on base; Oklahoma State University 3 - University of Illinois 0 |
TOP OF THE 6TH |
Oklahoma State University Cowboys batting - Pitching for University of Illinois Fighting Illini : RHP Dante Taylor
|
Pitching: RHP Steve Riley
|
|
Batting: LHB Jeff Williams
|
0-0: Ball 1-0: Foul Ball, location: 2F 1-1: Ball 2-1: Fly out, F7 (Flyball, 7D, EV 101.9 MPH)
|
Batting: RHB Magnus Laursen
|
0-0: Ball 1-0: Called Strike 1-1: Swinging Strike 1-2: Ball 2-2: Strikes out swinging
|
Batting: LHB Cory Rohr
|
0-0: Ball 1-0: Foul Ball, location: 2F 1-1: Foul Ball, location: 2F 1-2: Fly out, F8 (Line Drive, 78M, EV 101.9 MPH)
|
Top of the 6th over - 0 runs, 0 hits, 0 errors, 0 left on base; Oklahoma State University 3 - University of Illinois 0 |
BOTTOM OF THE 6TH |
University of Illinois Fighting Illini batting - Pitching for Oklahoma State University Cowboys : LHP Jordan Cane
|
Batting: RHB Bobby Raya
|
0-0: Called Strike 0-1: SINGLE (Groundball, 56D, EV 105.6 MPH)
|
Batting: LHB Salvador Ramos
|
0-0: Ball 1-0: Fielders Choice at 2nd, 6-4 (Groundball, 6, EV 104.4 MPH)
|
Batting: LHB Alex Ramos
|
0-0: Ball 1-0: Swinging Strike 1-1: Ball 2-1: Called Strike 2-2: Strikes out swinging
|
Batting: SHB Dan Strickland
|
0-0: Fly out, F9 (Flyball, 9LM, EV 89.4 MPH)
|
Bottom of the 6th over - 0 runs, 1 hit, 0 errors, 1 left on base; Oklahoma State University 3 - University of Illinois 0 |
TOP OF THE 7TH |
Oklahoma State University Cowboys batting - Pitching for University of Illinois Fighting Illini : RHP Steve Riley
|
Batting: RHB Rory Cardosi
|
0-0: Called Strike 0-1: Foul Ball, location: 2F 0-2: Ball 1-2: Ground out 6-3 (Groundball, 6, EV 86.9 MPH)
|
Batting: RHB Estevan Alvarez
|
0-0: Called Strike 0-1: Swinging Strike 0-2: Ground out 6-3 (Groundball, 6S, EV 66.2 MPH)
|
Batting: RHB Frederik Koster
|
0-0: Called Strike 0-1: Swinging Strike 0-2: Ball 1-2: Ball 2-2: Ball 3-2: Ground out 6-3 (Groundball, 6, EV 85.6 MPH)
|
Top of the 7th over - 0 runs, 0 hits, 0 errors, 0 left on base; Oklahoma State University 3 - University of Illinois 0 |
BOTTOM OF THE 7TH |
University of Illinois Fighting Illini batting - Pitching for Oklahoma State University Cowboys : LHP Jordan Cane
|
Batting: LHB Alex Rivera
|
0-0: SINGLE (Line Drive, 8LS, EV 85.6 MPH)
|
Batting: RHB Qian Tai
|
0-0: Called Strike 0-1: Swinging Strike 0-2: Ball 1-2: Ball 2-2: Strikes out looking
|
Batting: LHB Antonio Sandoval
|
0-0: Grounds into double play, 4-6-3 (Groundball, 4, EV 101.9 MPH)
|
Bottom of the 7th over - 0 runs, 1 hit, 0 errors, 0 left on base; Oklahoma State University 3 - University of Illinois 0 |
TOP OF THE 8TH |
Oklahoma State University Cowboys batting - Pitching for University of Illinois Fighting Illini : RHP Steve Riley
|
Pitching: RHP Steve Powell
|
|
Batting: RHB Simon Gravitt
|
0-0: Called Strike 0-1: Called Strike 0-2: Ball 1-2: Ground out 6-3 (Groundball, 6, EV 87.5 MPH)
|
Batting: LHB Dwayne Roche
|
0-0: Called Strike 0-1: Ball 1-1: Called Strike 1-2: Ball 2-2: Ball 3-2: Strikes out looking
|
Batting: LHB Kyle David
|
0-0: Called Strike 0-1: Ball 1-1: Called Strike 1-2: Strikes out looking
|
Top of the 8th over - 0 runs, 0 hits, 0 errors, 0 left on base; Oklahoma State University 3 - University of Illinois 0 |
BOTTOM OF THE 8TH |
University of Illinois Fighting Illini batting - Pitching for Oklahoma State University Cowboys : LHP Jordan Cane
|
Batting: RHB Arnold Schuler
|
0-0: Foul Ball, location: 2F 0-1: Ball 1-1: Foul Ball, location: 2F 1-2: Ball 2-2: Foul Ball, location: 2F 2-2: Foul Ball, location: 2F 2-2: Foul Ball, location: 2F 2-2: Ball 3-2: Foul Ball, location: 2F 3-2: Foul Ball, location: 2F 3-2: Ground out 5-3 (Groundball, 5S, EV 86.2 MPH)
|
Pitching: RHP Lisiate Iugini
|
|
Batting: RHB Edwardo Tanchez
|
0-0: Swinging Strike 0-1: Ball 1-1: SINGLE (Line Drive, 3D, EV 105.6 MPH)
|
Batting: RHB Bobby Raya
|
0-0: Ball 1-0: Fly out, F7 (Flyball, 7LMF, EV 101.9 MPH)
|
Batting: LHB Salvador Ramos
|
0-0: Called Strike 0-1: Fly out, F8 (Flyball, 8LD, EV 95.0 MPH)
|
Bottom of the 8th over - 0 runs, 1 hit, 0 errors, 1 left on base; Oklahoma State University 3 - University of Illinois 0 |
TOP OF THE 9TH |
Oklahoma State University Cowboys batting - Pitching for University of Illinois Fighting Illini : RHP Steve Powell
|
Pitching: RHP Charles Picard
|
|
Batting: LHB Jeff Williams
|
0-0: Called Strike 0-1: Foul Ball, location: 2F 0-2: SINGLE (Line Drive, 5D, EV 98.8 MPH)
|
Batting: RHB Magnus Laursen
|
0-0: Called Strike 0-1: Ball 1-1: Ball 2-1: Ball 3-1: Foul Ball, location: 2F 3-2: SINGLE (Line Drive, 9, EV 86.9 MPH) Jeff Williams to second
|
Batting: LHB Cory Rohr
|
0-0: Called Strike 0-1: Foul Ball, location: 2F 0-2: Ball 1-2: Foul Ball, location: 2F 1-2: Foul Ball, location: 2F 1-2: Strikes out swinging
|
Batting: RHB Rory Cardosi
|
0-0: Swinging Strike 0-1: Fly out, F7 (Flyball, 7D, EV 100.0 MPH) Runner from 2nd tags up, SAFE at 3rd, no throw by LF
|
Batting: RHB Estevan Alvarez
|
0-0: Ball 1-0: Called Strike 1-1: Foul Ball, location: 2F 1-2: Ground out 4-3 (Groundball, 4M, EV 109.4 MPH)
|
Top of the 9th over - 0 runs, 2 hits, 0 errors, 2 left on base; Oklahoma State University 3 - University of Illinois 0 |
BOTTOM OF THE 9TH |
University of Illinois Fighting Illini batting - Pitching for Oklahoma State University Cowboys : RHP Lisiate Iugini
|
Pitching: RHP Justin Reed
|
|
Batting: LHB Alex Ramos
|
0-0: Called Strike 0-1: Foul Ball, location: 2F 0-2: Ball 1-2: Ball 2-2: Ground out 4-3 (Groundball, 4, EV 97.5 MPH)
|
Batting: SHB Dan Strickland
|
0-0: Called Strike 0-1: Foul Ball, location: 2F 0-2: Ball 1-2: Foul Ball, location: 2F 1-2: Ground out U3 (Groundball, 34, EV 80.0 MPH)
|
Batting: LHB Alex Rivera
|
0-0: Swinging Strike 0-1: Ground out 6-3 (Groundball, 6, EV 92.5 MPH)
|
Bottom of the 9th over - 0 runs, 0 hits, 0 errors, 0 left on base; Oklahoma State University 3 - University of Illinois 0 |
|